[Event "Titled Tuesday Blitz May 10 Late 2022"]
[White "Jegorovas, Aleksandras"]
[Black "Rosen, Eric"]
[WhiteFideId "12801950"]
[BlackFideId "2032562"]
[WhiteElo "2247"]
[BlackElo "2362"]
[Result "0-1"]
[Round "08"]
[TimeControl "180+1"]
[Date "2022.05.10"]
[WhiteClock "0:00:08"]
[BlackClock "0:00:06"]

1. Nf3 d5 2. e3 Nf6 3. c4 e6 4. Nc3 Bd6 5. d4 O-O 6. Qc2 a6 7. c5 Be7 8. Rb1 a5 9. Ne5 Nfd7 10. Bd3 Nxe5 11. Bxh7+ Kh8 12. dxe5 Nd7 13. Bd3 Nxc5 14. O-O Nxd3 15. Qxd3 b6 16. Rd1 f6 17. e4 d4 18. exf6 Bxf6 19. e5 dxc3 20. Qh3+ Kg8 21. Rxd8 Rxd8 22. Bf4 c2 23. Rf1 Be7 24. Qb3 Ba6 25. Qxc2 Bxf1 26. Kxf1 Bc5 27. g4 Rf8 28. Bg3 Rad8 29. Kg2 Rd5 30. Qg6 Rd2 31. Qxe6+ Kh8 32. Qg6 Bxf2 33. Qh5+ Kg8 34. Bxf2 Rdxf2+ 35. Kg1 Rf1+ 36. Kg2 R1f2+ 37. Kg1 Rxb2 38. e6 Rb1+ 39. Kg2 Rb2+ 40. Kg3 Re2 41. Qd5 c6 42. Qxc6 Re3+ 43. Kg2 Re2+ 44. Kg3 Re3+ 45. Kh4 Rf6 46. Qc8+ Kh7 47. Kg5 Rfxe6 48. Kf5 R3e5+ 49. Kf4 Re4+ 50. Kf5 R6e5# 0-1


[Site "https://www.chess.com"]

[Event "Titled Tuesday Blitz May 10 Late 2022"]
[White "Jones, Gawain C B"]
[Black "Fishbein, Alexander"]
[WhiteFideId "409561"]
[BlackFideId "2000377"]
[WhiteElo "2657"]
[BlackElo "2442"]
[Result "1-0"]
[Round "08"]
[TimeControl "180+1"]
[Date "2022.05.10"]
[WhiteClock "0:00:05"]
[BlackClock "0:00:02"]

1. e4 e5 2. Nf3 Nc6 3. c3 Nf6 4. d4 Nxe4 5. d5 Ne7 6. Nxe5 Ng6 7. Qe2 Qe7 8. Nxg6 hxg6 9. Na3 Nf6 10. Nb5 Qxe2+ 11. Bxe2 Kd8 12. Bg5 Bc5 13. b4 Be7 14. d6 cxd6 15. O-O-O d5 16. Bf3 a6 17. Bxf6 Bxf6 18. Nd4 a5 19. b5 Kc7 20. Bxd5 Rf8 21. Kb2 d6 22. Rhe1 Bd7 23. a4 Rae8 24. Rxe8 Bxe8 25. Kb3 Rh8 26. h3 Rh5 27. c4 Rh4 28. Nf3 Rh8 29. Re1 Rf8 30. Kc2 Bd7 31. Kd2 Kb6 32. Re3 Kc5 33. g4 g5 34. Ne1 Kb4 35. Nc2+ Kc5 36. Ne1 Kb4 37. Nd3+ Kxa4 38. Bxb7 Re8 39. Rxe8 Bxe8 40. Bc6 Bxc6 41. bxc6 Bd8 42. Kc3 Bf6+ 43. Kc2 Bd8 44. f3 Bb6 45. Kc3 Ka3 46. c5 dxc5 47. Ne5 Bc7 48. Nxf7 a4 49. Nxg5 Ba5+ 50. Kc2 Kb4 51. Ne6 a3 52. c7 Bxc7 53. Nxc7 c4 54. g5 1-0


[Site "https://www.chess.com"]

[Event "Titled Tuesday Blitz May 10 Late 2022"]
[White "Joubert, Dantelle"]
[Black "Stanisz, Patryk"]
[WhiteFideId "14310813"]
[BlackFideId "1123106"]
[WhiteElo "1507"]
[BlackElo "1833"]
[Result "0-1"]
[Round "08"]
[TimeControl "180+1"]
[Date "2022.05.11"]
[WhiteClock "0:00:03"]
[BlackClock "0:01:13"]

1. Nf3 Nf6 2. c4 e6 3. g3 c5 4. Bg2 Nc6 5. O-O d5 6. cxd5 exd5 7. d4 cxd4 8. Nxd4 Be7 9. Nc3 O-O 10. b3 Bg4 11. Bb2 Rc8 12. Re1 Re8 13. a3 Na5 14. h3 Bh5 15. Nf5 Bg6 16. Nxe7+ Rxe7 17. Nxd5 Nxd5 18. Qxd5 Qxd5 19. Bxd5 Rc2 20. Bd4 Rexe2 21. Rxe2 Rxe2 22. Bxa7 Rd2 23. Rc1 h5 24. Bc4 Be4 25. Be3 Ra2 26. a4 Nxc4 27. Rxc4 Ra1+ 28. Rc1 Ra3 29. Rc3 Bd5 30. Bc5 Ra1+ 31. Kh2 Rh1# 0-1


[Site "https://www.chess.com"]

[Event "Titled Tuesday Blitz May 10 Late 2022"]
[White "Kate1606"]
[Black "Omariev, Maksim"]
[BlackFideId "4193423"]
[WhiteElo "2072"]
[BlackElo "2485"]
[Result "0-1"]
[Round "08"]
[TimeControl "180+1"]
[Date "2022.05.11"]
[WhiteClock "0:00:02"]
[BlackClock "0:01:56"]

1. d4 h5 2. Bf4 h4 3. e3 c6 4. c3 d5 5. Nd2 h3 6. gxh3 Qb6 7. Qb3 Nf6 8. Bg2 g6 9. Be5 Bg7 10. Ndf3 Bf5 11. Qxb6 axb6 12. a3 Nbd7 13. Kd2 Ne4+ 14. Ke2 f6 15. Bg3 g5 16. Nd2 Nxd2 17. Kxd2 b5 18. Bf1 e5 19. Bd3 e4 20. Be2 Kf7 21. Bg4 Be6 22. Ne2 f5 23. h4 gxh4 24. Bxf5 Bxf5 25. Bd6 Bg4 26. Nf4 Bf3 27. Rhg1 Bf6 28. Rac1 Rag8 29. Nh3 Ke6 30. Rb1 Kxd6 31. Rxg8 Rxg8 32. Rg1 Rxg1 33. Nxg1 Bg4 34. h3 Bf3 35. Nxf3 exf3 36. b4 Ke6 37. Ke1 Kf5 38. Kf1 Ke4 39. Ke1 Kd3 40. Kd1 Bg5 0-1


[Site "https://www.chess.com"]

[Event "Titled Tuesday Blitz May 10 Late 2022"]
[White "Kazakouski, Valery"]
[Black "Fedoseev, Vladimir"]
[WhiteFideId "13507443"]
[BlackFideId "24130737"]
[WhiteElo "2524"]
[BlackElo "2726"]
[Result "1/2-1/2"]
[Round "08"]
[TimeControl "180+1"]
[Date "2022.05.10"]
[WhiteClock "0:00:14"]
[BlackClock "0:00:08"]

1. d4 Nf6 2. c4 g6 3. Nc3 d5 4. Nf3 Bg7 5. h4 c6 6. cxd5 cxd5 7. Bf4 Nc6 8. e3 O-O 9. Qb3 a6 10. Bd3 Na5 11. Qb4 Nc6 12. Qb3 b5 13. a4 bxa4 14. Nxa4 Bg4 15. Ne5 Nxe5 16. Bxe5 Ne4 17. Bxe4 dxe4 18. Bxg7 Kxg7 19. Nc5 Rb8 20. Qc3 Qd5 21. Rxa6 Rb5 22. Ra7 e5 23. O-O Rfb8 24. b3 exd4 25. Qxd4+ Qxd4 26. exd4 Rd8 27. Nxe4 Rxd4 28. Ng5 Bd7 29. Re1 h6 30. Nf3 Rd6 31. Re7 Be6 32. Rab7 Rxb3 33. Rxb3 Bxb3 34. Re3 Be6 35. Kh2 Kf6 36. Kg3 Rd5 37. Re4 Bf5 38. Rd4 Rc5 39. Kf4 Be6 40. Rb4 Rc2 41. Kg3 Bd5 42. Rb6+ Kg7 43. Rd6 Be4 44. Rd4 Bc6 45. Rd3 Rc5 46. Re3 Bd7 47. Ne5 Be6 48. f3 Rd5 49. Nd3 Rd4 50. Nf4 Bf5 51. Re5 Rd2 52. Ra5 Bd7 53. Rd5 Rxd5 54. Nxd5 Bc6 55. Ne3 Kf6 56. Ng4+ Kg7 57. Kf4 Bd7 58. Ne5 Be6 59. Nd3 f6 60. g3 g5+ 61. hxg5 hxg5+ 62. Ke4 Kg6 63. Nc5 Bc8 64. f4 gxf4 65. Kxf4 Kf7 66. Ne4 Ke7 67. Nxf6 Kxf6 68. g4 Bxg4 1/2-1/2


[Site "https://www.chess.com"]

[Event "Titled Tuesday Blitz May 10 Late 2022"]
[White "Koellner, Ruben Gideon"]
[Black "Oganian, Miran"]
[WhiteFideId "12993093"]
[BlackFideId "4122488"]
[WhiteElo "2621"]
[BlackElo "2357"]
[Result "1-0"]
[Round "08"]
[TimeControl "180+1"]
[Date "2022.05.10"]
[WhiteClock "0:02:15"]
[BlackClock "0:01:44"]

1. d4 e6 2. Nf3 d5 3. Nbd2 Nf6 4. e3 Bd6 5. Bd3 Nbd7 6. O-O b6 7. e4 dxe4 8. Nxe4 Bb7 9. Qe2 h6 10. c3 O-O 11. Rd1 Nd5 12. Nxd6 cxd6 13. Qe4 N7f6 14. Qh4 Nd7 15. Qg3 N7f6 16. Bxh6 Nh5 17. Qh3 Ndf4 18. Bxf4 Nxf4 19. Qh7# 1-0


[Site "https://www.chess.com"]

[Event "Titled Tuesday Blitz May 10 Late 2022"]
[White "Ladan, Nicholas"]
[Black "Djokic, Mihailo"]
[WhiteFideId "30918855"]
[BlackFideId "976440"]
[WhiteElo "2167"]
[BlackElo "2202"]
[Result "0-1"]
[Round "08"]
[TimeControl "180+1"]
[Date "2022.05.11"]
[WhiteClock "0:01:55"]
[BlackClock "0:03:00"]

1. d4 Nf6 2. c4 g6 3. Nf3 Bg7 4. g3 O-O 5. Bg2 d6 6. O-O Nc6 7. Nc3 a6 8. e4 Bg4 9. h3 Bxf3 10. Bxf3 Nd7 11. Be3 e5 12. d5 Nd4 13. Ne2 Nxf3+ 14. Kg2 Nd4 15. f4 Nxe2 16. Qxe2 f5 17. exf5 Rxf5 18. g4 Rf8 19. f5 gxf5 20. gxf5 Qh4 21. Rf3 Kh8 22. Raf1 Bf6 23. Rg3 Rg8 24. Rf3 Rxg3+ 25. Rxg3 Rg8 26. Rxg8+ Kxg8 27. b3 Qe4+ 28. Kf2 Qxf5+ 29. Kg2 e4 30. a4 Ne5 31. a5 Qf3+ 32. Qxf3 exf3+ 33. Kf1 Bh4 34. b4 Nxc4 35. Bd4 Nd2+ 36. Kg1 f2+ 37. Bxf2 Bxf2+ 38. Kxf2 Ne4+ 39. Ke3 Nc3 40. Kd4 Nb5+ 41. Kc4 Kf7 42. h4 Kf6 43. h5 Kg5 44. h6 Kxh6 45. Kb3 Kg5 46. Ka4 Kf4 47. Kb3 Ke5 48. Ka4 Kxd5 49. Kb3 h5 50. Ka4 h4 51. Kb3 h3 52. Ka4 h2 53. Kb3 h1=Q 54. Ka4 Qd1# 0-1


[Site "https://www.chess.com"]

[Event "Titled Tuesday Blitz May 10 Late 2022"]
[White "Lewicki, Miroslaw"]
[Black "Kamsky, Gata"]
[WhiteFideId "1113380"]
[BlackFideId "2000024"]
[WhiteElo "2283"]
[BlackElo "2645"]
[Result "1-0"]
[Round "08"]
[TimeControl "180+1"]
[Date "2022.05.10"]
[WhiteClock "0:00:29"]
[BlackClock "0:00:06"]

1. b3 d5 2. Bb2 Bf5 3. Nf3 e6 4. g3 Nf6 5. Bg2 Be7 6. O-O O-O 7. c4 c6 8. d4 Nbd7 9. Nc3 h6 10. Re1 a5 11. Ne5 Nxe5 12. dxe5 Ne4 13. Nxe4 dxe4 14. Qc1 Bc5 15. Rd1 Qb6 16. e3 Rfd8 17. Qc2 Rxd1+ 18. Rxd1 Rd8 19. Rxd8+ Qxd8 20. Bxe4 Bxe4 21. Qxe4 Qd2 22. Qb1 Qe2 23. Bd4 Bb4 24. Qb2 Qd3 25. a3 Bd2 26. b4 a4 27. b5 Kh7 28. bxc6 bxc6 29. c5 Be1 30. Kg2 h5 31. h4 Kg6 32. Qc1 Qe2 33. Qb1+ Kh6 34. e4 Bd2 35. Qc2 Qe1 36. Qxd2+ Qxd2 37. Be3+ Qxe3 38. fxe3 Kg6 39. Kf3 f5 40. Kf4 fxe4 41. Kxe4 Kf7 42. Kf4 g6 43. Kg5 Kg7 44. e4 1-0


[Site "https://www.chess.com"]

[Event "Titled Tuesday Blitz May 10 Late 2022"]
[White "Maghsoodloo, Parham"]
[Black "Nagy, Gabor"]
[WhiteFideId "12539929"]
[BlackFideId "737119"]
[WhiteElo "2630"]
[BlackElo "2569"]
[Result "0-1"]
[Round "08"]
[TimeControl "180+1"]
[Date "2022.05.10"]
[WhiteClock "0:00:14"]
[BlackClock "0:01:14"]

1. d4 Nf6 2. c4 g6 3. Nc3 Bg7 4. e4 O-O 5. Be2 d6 6. Bg5 Nc6 7. Nf3 Bg4 8. d5 Bxf3 9. Bxf3 Ne5 10. Be2 c6 11. O-O cxd5 12. exd5 Rc8 13. b3 a6 14. a4 Nfd7 15. Rc1 Nc5 16. b4 Ncd7 17. Ne4 h6 18. Be3 f5 19. Nd2 f4 20. Bd4 a5 21. c5 axb4 22. cxd6 exd6 23. Rxc8 Qxc8 24. Qb1 Nc5 25. Qxb4 f3 26. Nxf3 Nxf3+ 27. Bxf3 Rf4 28. Rd1 Qf5 29. Qb2 Rxd4 30. Rxd4 Qe5 31. Qc2 Qxd4 32. g3 Qd3 33. Qxd3 Nxd3 34. Be4 Nc5 35. Bxg6 Nxa4 36. Bd3 Nc3 37. Bc4 b5 38. Bb3 Ne2+ 39. Kf1 Nd4 40. Ba2 b4 41. Ke1 b3 42. Bb1 Nb5 43. Kd2 Nc3 44. Bf5 b2 0-1


[Site "https://www.chess.com"]

[Event "Titled Tuesday Blitz May 10 Late 2022"]
[White "Maksimovic, Bojan"]
[Black "Sjugirov, Sanan"]
[WhiteFideId "14408120"]
[BlackFideId "4189302"]
[WhiteElo "2448"]
[BlackElo "2602"]
[Result "1/2-1/2"]
[Round "08"]
[TimeControl "180+1"]
[Date "2022.05.10"]
[WhiteClock "0:00:07"]
[BlackClock "0:01:48"]

1. e4 e5 2. Nf3 Nc6 3. Bb5 a6 4. Ba4 Nf6 5. O-O d6 6. Re1 Bd7 7. c4 g6 8. Bxc6 bxc6 9. d4 exd4 10. e5 dxe5 11. Nxe5 Be7 12. Qxd4 O-O 13. Nxd7 Nxd7 14. Nc3 Bf6 15. Qf4 Nc5 16. Rd1 Qe7 17. Be3 Ne6 18. Qf3 Bxc3 19. bxc3 c5 20. Qc6 Rfd8 21. h3 a5 22. a4 h5 23. Rd5 Rab8 24. Rad1 Re8 25. Bxc5 Nxc5 26. Qxc5 Qxc5 27. Rxc5 Re2 28. Rb5 Rb6 29. Rxb6 cxb6 30. Rb1 Ra2 31. Rxb6 Rxa4 32. c5 Rc4 33. c6 Rxc3 34. Kf1 Kf8 35. Ke2 Ke7 36. Kd2 Rc5 37. Rb7+ Ke6 38. Ra7 f6 39. Ra6 Kf5 40. c7 Rxc7 41. Rxa5+ Kf4 42. Ra4+ Kg5 43. Ra5+ f5 44. Ke2 Rc1 45. Ke3 Rc2 46. Kf3 h4 47. Rb5 Rc3+ 48. Ke2 Ra3 49. Rb4 Ra2+ 50. Kf3 Rc2 51. Ra4 Kh5 52. Rb4 Rc3+ 53. Ke2 g5 54. Rb5 Rc2+ 55. Kf3 Rc3+ 56. Ke2 Kg6 57. Rb6+ Kf7 58. Rb5 Ke6 59. Rb6+ Ke5 60. Rb5+ Ke4 61. Rb4+ Kd5 62. Rb5+ Ke6 63. Rb6+ Kd5 64. Rg6 Rc2+ 65. Ke3 Rc3+ 66. Kd2 Ra3 67. Rxg5 Ke4 68. Rg8 Ra2+ 69. Ke1 Ra1+ 70. Ke2 Ra2+ 71. Ke1 Kf4 72. Rd8 Ra1+ 73. Ke2 Ra2+ 74. Rd2 Ra4 75. Rc2 Re4+ 76. Kd3 Re1 77. Rc4+ Kg5 78. g4 hxg3 79. fxg3 Rg1 80. g4 Rg3+ 81. Ke2 f4 82. Rc5+ Kg6 83. Rh5 Ra3 84. Kf2 Rb3 85. Rh8 Kf6 86. Rf8+ Ke5 87. h4 Rb2+ 88. Kf3 Rb3+ 89. Kf2 Ke4 90. Re8+ Kd4 91. h5 Rh3 92. Re6 Kd5 93. Re8 Kd4 94. Kg2 Rg3+ 95. Kf2 Rxg4 96. Kf3 Rh4 97. Re4+ Kd5 98. Rxf4 Rxh5 99. Kg4 Re5 100. Rf5 Rxf5 101. Kxf5 1/2-1/2


[Site "https://www.chess.com"]

[Event "Titled Tuesday Blitz May 10 Late 2022"]
[White "Manukian, Artak"]
[Black "Jakubowski, Krzysztof"]
[WhiteFideId "13301373"]
[BlackFideId "1112848"]
[WhiteElo "2431"]
[BlackElo "2365"]
[Result "0-1"]
[Round "08"]
[TimeControl "180+1"]
[Date "2022.05.11"]
[WhiteClock "0:00:57"]
[BlackClock "0:00:59"]

1. e4 e5 2. Nf3 Nc6 3. d4 exd4 4. Nxd4 Nf6 5. Nxc6 bxc6 6. e5 Qe7 7. Qe2 Nd5 8. c4 Nb6 9. b3 a5 10. a4 Qe6 11. Nc3 Bb4 12. Bb2 O-O 13. O-O-O Re8 14. f4 d5 15. Qd3 dxc4 16. bxc4 Ba6 17. f5 Qh6+ 18. Qd2 Qxd2+ 19. Rxd2 Rxe5 20. Re2 Rxf5 21. g4 Rf4 22. Re4 Rxe4 23. Nxe4 Re8 24. Bg2 Nxa4 25. Bd4 Bxc4 26. Rd1 Bd5 27. Nc3 Nxc3 0-1


[Site "https://www.chess.com"]

[Event "Titled Tuesday Blitz May 10 Late 2022"]
[White "Martic, Ivan"]
[Black "Przybylski, Wojciech"]
[WhiteFideId "929301"]
[BlackFideId "1117599"]
[WhiteElo "2317"]
[BlackElo "2133"]
[Result "1-0"]
[Round "08"]
[TimeControl "180+1"]
[Date "2022.05.11"]
[WhiteClock "0:00:19"]
[BlackClock "0:00:10"]

1. c4 e5 2. Nc3 Nf6 3. g3 d5 4. cxd5 Nxd5 5. Bg2 Nb6 6. Nf3 Nc6 7. O-O Be7 8. d3 O-O 9. a3 Be6 10. b4 a5 11. b5 Nd4 12. Rb1 Nd5 13. Bd2 Nxf3+ 14. Bxf3 Bxa3 15. Qa4 Bb4 16. Rfc1 c6 17. bxc6 bxc6 18. Ne4 Bxd2 19. Nxd2 Ra6 20. Nc4 Qc7 21. Rb2 Rb8 22. Rxb8+ Qxb8 23. Nxa5 Qa8 24. Ra1 f5 25. Qa3 Nf6 26. Qd6 Bd5 27. Rb1 c5 28. Rb8+ Kf7 29. Qc7+ Kg6 30. Rxa8 Rxa8 31. Bxd5 c4 32. Bxa8 1-0


[Site "https://www.chess.com"]

[Event "Titled Tuesday Blitz May 10 Late 2022"]
[White "Martinez Alcantara, Jose Eduardo"]
[Black "Nakamura, Hikaru"]
[WhiteFideId "3805662"]
[BlackFideId "2016192"]
[WhiteElo "2690"]
[BlackElo "2850"]
[Result "1/2-1/2"]
[Round "08"]
[TimeControl "180+1"]
[Date "2022.05.10"]
[WhiteClock "0:00:02"]
[BlackClock "0:00:14"]

1. e4 c5 2. Nf3 e6 3. c3 d5 4. exd5 Qxd5 5. d4 Nf6 6. Be3 cxd4 7. cxd4 Bb4+ 8. Nc3 O-O 9. Bd3 b6 10. O-O Bxc3 11. bxc3 Ba6 12. Bxa6 Nxa6 13. Ne5 Rac8 14. c4 Qb7 15. Qa4 Nb8 16. Rab1 Nfd7 17. c5 Nxe5 18. dxe5 Nd7 19. cxb6 axb6 20. Qb5 Rc6 21. Rfd1 Qc7 22. a4 h6 23. h3 Ra8 24. Rbc1 Nc5 25. Bxc5 bxc5 26. f4 c4 27. Kh2 c3 28. Rd4 c2 29. Qd3 g5 30. Rd7 Qc8 31. fxg5 hxg5 32. Rf1 Rc3 33. Qd2 c1=Q 34. Rxc1 Qxd7 35. Qxg5+ Kf8 36. Rxc3 Rxa4 37. Rb3 Qc7 38. Rd3 Ke8 39. Qg8+ Ke7 40. Qg5+ Ke8 41. Qf6 Re4 42. Qh8+ Ke7 43. Qf6+ Ke8 44. Qh8+ Ke7 45. Qf6+ Ke8 1/2-1/2


[Site "https://www.chess.com"]

[Event "Titled Tuesday Blitz May 10 Late 2022"]
[White "Matinian, Nikita"]
[Black "Al-Tarboush, Ward"]
[WhiteFideId "24129100"]
[BlackFideId "7601450"]
[WhiteElo "2422"]
[BlackElo "2294"]
[Result "1-0"]
[Round "08"]
[TimeControl "180+1"]
[Date "2022.05.10"]
[WhiteClock "0:02:26"]
[BlackClock "0:01:40"]

1. e4 e6 2. d4 d5 3. Nc3 Nf6 4. Bg5 dxe4 5. Nxe4 Be7 6. Bxf6 gxf6 7. Nf3 f5 8. Nc3 a6 9. Qd2 b5 10. O-O-O b4 11. Na4 Bb7 12. Bc4 Qd6 13. Rhe1 Nd7 14. d5 e5 15. Qe2 e4 16. Nd4 Qf4+ 17. Kb1 Ne5 18. g3 Qg5 19. f4 1-0


[Site "https://www.chess.com"]

[Event "Titled Tuesday Blitz May 10 Late 2022"]
[White "Melikhov, Evgeny V."]
[Black "Butti, Enrique"]
[WhiteFideId "4122046"]
[BlackFideId "3700470"]
[WhiteElo "1931"]
[BlackElo "2080"]
[Result "1-0"]
[Round "08"]
[TimeControl "180+1"]
[Date "2022.05.11"]
[WhiteClock "0:02:21"]
[BlackClock "0:02:06"]

1. d4 Nf6 2. c4 e6 3. Nc3 c5 4. d5 exd5 5. cxd5 d6 6. Nf3 g6 7. h3 Bg7 8. e4 O-O 9. Bd3 b6 10. O-O Ba6 11. Re1 Bxd3 12. Qxd3 Nbd7 13. Bf4 Ne8 14. e5 dxe5 15. Nxe5 Nxe5 16. Bxe5 Bxe5 17. Rxe5 Nd6 18. Rae1 c4 19. Qd4 b5 20. Ne4 Qd7 21. Nf6+ 1-0


[Site "https://www.chess.com"]

[Event "Titled Tuesday Blitz May 10 Late 2022"]
[White "Melikyan, Gnel"]
[Black "Svane, Rasmus"]
[WhiteFideId "54109990"]
[BlackFideId "4657101"]
[WhiteElo "1772"]
[BlackElo "2674"]
[Result "0-1"]
[Round "08"]
[TimeControl "180+1"]
[Date "2022.05.10"]
[WhiteClock "0:00:03"]
[BlackClock "0:00:07"]

1. e4 c6 2. d4 d5 3. f3 e6 4. Nc3 Nd7 5. Bf4 Bb4 6. Qd3 Ne7 7. O-O-O O-O 8. Nge2 b6 9. a3 Bxc3 10. Nxc3 a5 11. exd5 Ba6 12. Qe3 Bxf1 13. Rhxf1 Nxd5 14. Qd2 b5 15. Bd6 Re8 16. Ne4 N7b6 17. Bc5 b4 18. Qd3 bxa3 19. Bxa3 Nb4 20. Qb3 N6d5 21. Rfe1 Qc7 22. g3 Reb8 23. Qc4 h6 24. c3 Nb6 25. Qc5 Na4 26. Qe5 Qb7 27. Kd2 Nd5 28. Rb1 Qb3 29. Rec1 Nab6 30. Nd6 Rd8 31. Ke1 Nc4 32. Nxc4 Qxc4 33. Qe2 Qb3 34. Qc2 Qb7 35. Qa4 Qb6 36. Bc5 Qc7 37. Kf2 e5 38. dxe5 Qxe5 39. Re1 Qg5 40. Rbd1 Rab8 41. Re2 Re8 42. Rde1 Rxe2+ 43. Rxe2 Qg6 44. Qd4 Qb1 45. c4 Nf6 46. Bd6 Rc8 47. Be5 Ne8 48. c5 Qh1 49. g4 Ra8 50. Qc3 Qd1 51. Re1 Qd5 52. Bf4 Nf6 53. Kg3 Re8 54. Rxe8+ Nxe8 55. Qe5 Qd7 56. Qb8 Kh7 57. Qa8 Nf6 58. Qxa5 Qd3 59. Qc3 Ne4+ 60. Kg2 Nxc3 0-1


[Site "https://www.chess.com"]

[Event "Titled Tuesday Blitz May 10 Late 2022"]
[White "Melkumyan, Hrant"]
[Black "Svane, Frederik"]
[WhiteFideId "13302485"]
[BlackFideId "12923044"]
[WhiteElo "2604"]
[BlackElo "2459"]
[Result "1-0"]
[Round "08"]
[TimeControl "180+1"]
[Date "2022.05.10"]
[WhiteClock "0:00:17"]
[BlackClock "0:00:07"]

1. c4 e6 2. g3 d5 3. Bg2 d4 4. Nf3 Nc6 5. O-O Bc5 6. d3 Nf6 7. Bg5 h6 8. Bxf6 Qxf6 9. Nbd2 Qd8 10. Ne1 O-O 11. Nc2 a5 12. Rb1 e5 13. a3 a4 14. b4 axb3 15. Nxb3 Be7 16. c5 Be6 17. Nb4 Qd7 18. Qc1 Ra4 19. Nd2 Ra5 20. Nxc6 bxc6 21. Nb3 Ra4 22. Rd1 Rfa8 23. Rd2 Rxa3 24. Rdb2 Ra2 25. Nd2 Rxb2 26. Rxb2 Bd5 27. Rc2 Qe6 28. Nc4 h5 29. h4 g6 30. Kh2 Bxc5 31. Nd2 Bd6 32. Ne4 Qf5 33. Bh3 Bxe4 34. Bxf5 Bxf5 35. Rxc6 Bg4 36. f3 Be6 37. Rxc7 Bxc7 38. Qxc7 Re8 39. Qxe5 Bd7 40. Qxd4 Rxe2+ 41. Kg1 Be6 42. g4 Kh7 43. gxh5 gxh5 44. Qc5 Kg8 45. Qg5+ Kf8 46. Qxh5 Ke8 47. Qh8+ Ke7 48. Qd4 Rc2 49. h5 Rc1+ 50. Kg2 Rc2+ 51. Kg3 Rc1 52. Qh4+ Ke8 53. h6 Rg1+ 54. Kf4 Rg8 55. h7 Rh8 56. Ke5 Kd7 57. Kf6 Bf5 58. Kxf5 f6 59. Kg6 Kc6 60. Kg7 Re8 61. h8=Q Re7+ 62. Kxf6 Re6+ 63. Kxe6 1-0


[Site "https://www.chess.com"]

[Event "Titled Tuesday Blitz May 10 Late 2022"]
[White "Miszler, Levente"]
[Black "Petrovic, Aleksa"]
[WhiteFideId "763276"]
[BlackFideId "967629"]
[WhiteElo "1966"]
[BlackElo "2144"]
[Result "1-0"]
[Round "08"]
[TimeControl "180+1"]
[Date "2022.05.11"]
[WhiteClock "0:00:08"]
[BlackClock "0:00:02"]

1. Nf3 Nf6 2. c4 e6 3. g3 b6 4. Bg2 Bb7 5. O-O c5 6. Nc3 a6 7. a3 Be7 8. Rb1 O-O 9. b4 cxb4 10. axb4 Qc7 11. d3 d5 12. Bf4 Bd6 13. Bxd6 Qxd6 14. c5 Qc7 15. Na4 b5 16. Nb6 Ra7 17. Ra1 Nc6 18. Qb3 h6 19. Rfc1 Rd8 20. Qb2 e5 21. Nd2 Nd4 22. Nb3 Nf5 23. Na5 e4 24. dxe4 dxe4 25. Rd1 Rxd1+ 26. Rxd1 Bc6 27. Nxc6 Qxc6 28. Qe5 g6 29. Rd8+ Kg7 30. Rc8 Qb7 31. Bh3 a5 32. Bxf5 gxf5 33. Rb8 Qc6 34. Rc8 Qe6 35. Qb8 Re7 36. Rh8 Re8 37. Rxe8 Nxe8 38. bxa5 e3 39. f3 f6 40. Qb7+ Kg6 41. Qd7 Qb3 42. Qxe8+ Kg5 43. Kg2 Qc2 44. Qxe3+ Kg6 45. h4 Qd1 46. a6 b4 47. a7 Qa1 48. a8=Q 1-0


[Site "https://www.chess.com"]

[Event "Titled Tuesday Blitz May 10 Late 2022"]
[White "Novikova, Galina"]
[Black "Pinheiro, Iung Alicio de O."]
[WhiteFideId "4157095"]
[BlackFideId "2104350"]
[WhiteElo "1863"]
[BlackElo "2283"]
[Result "0-1"]
[Round "08"]
[TimeControl "180+1"]
[Date "2022.05.11"]
[WhiteClock "0:00:01"]
[BlackClock "0:00:10"]

1. e4 c5 2. Nf3 Nc6 3. d4 cxd4 4. Nxd4 Nf6 5. Nc3 e5 6. Ndb5 d6 7. Bg5 a6 8. Na3 b5 9. Bxf6 gxf6 10. Nd5 Bg7 11. g3 f5 12. Bg2 O-O 13. exf5 Bxf5 14. Ne3 Bd7 15. Qxd6 e4 16. O-O-O Ne5 17. Bxe4 Rc8 18. f4 Nc4 19. Nexc4 bxc4 20. Qxd7 Qb6 21. c3 Qe3+ 22. Qd2 Qxe4 23. Nc2 Rb8 24. Nd4 Qd5 25. Rhe1 Rb6 26. Re2 Qa5 27. a3 Rfb8 28. Qe3 Bf8 29. Qe5 Qa4 30. Qg5+ Kh8 31. Qe5+ f6 32. Qf5 Bxa3 33. bxa3 Rb1+ 34. Kd2 Qxd1+ 35. Ke3 Re8+ 36. Kf3 Qf1+ 37. Rf2 Qd1+ 38. Kg2 Qh1+ 39. Kh3 Rb6 40. Nf3 Qd1 41. Qc5 Qd6 42. Qxc4 Qd7+ 43. Kg2 Rc6 44. Qb4 Qd5 0-1


[Site "https://www.chess.com"]

[Event "Titled Tuesday Blitz May 10 Late 2022"]
[White "Pap, Gyula"]
[Black "Izzat, Kanan"]
[WhiteFideId "725323"]
[BlackFideId "13405209"]
[WhiteElo "2553"]
[BlackElo "2362"]
[Result "1-0"]
[Round "08"]
[TimeControl "180+1"]
[Date "2022.05.10"]
[WhiteClock "0:00:26"]
[BlackClock "0:00:03"]

1. e4 e5 2. Nf3 Nf6 3. Nxe5 d6 4. Nf3 Nxe4 5. c4 Nc6 6. Nc3 Nf6 7. d4 d5 8. cxd5 Nxd5 9. Bc4 Nb6 10. Bb3 Be7 11. O-O O-O 12. d5 Na5 13. Bc2 Bg4 14. Qd3 g6 15. Bh6 Bf5 16. Qd4 Bf6 17. Qb4 Bxc2 18. Bxf8 Qxf8 19. Qxa5 Nc4 20. Qb5 Nd6 21. Qc5 Qd8 22. Rac1 Bd3 23. Rfe1 b6 24. Qe3 Ba6 25. Ne5 Bg5 26. f4 Bf6 27. Kh1 Bg7 28. b3 Qh4 29. Qg3 Qh5 30. Ne4 Re8 31. Qf3 Qxf3 32. gxf3 Nb5 33. a4 Nd4 34. Rxc7 g5 35. Nxg5 f6 36. Ne6 Nxe6 37. dxe6 fxe5 38. Rg1 Rxe6 39. Rgxg7+ Kf8 40. Rxh7 Kg8 41. Rhg7+ Kf8 42. Rxa7 Be2 43. Rgf7+ Ke8 44. fxe5 Rxe5 45. Kg2 Bd3 46. Rfb7 Rg5+ 47. Kf2 1-0


[Site "https://www.chess.com"]

[Event "Titled Tuesday Blitz May 10 Late 2022"]
[White "Papasimakopoulos, Alexandros"]
[Black "Gurevich, Dmitry"]
[WhiteFideId "4244125"]
[BlackFideId "2000407"]
[WhiteElo "2340"]
[BlackElo "2506"]
[Result "1/2-1/2"]
[Round "08"]
[TimeControl "180+1"]
[Date "2022.05.10"]
[WhiteClock "0:01:56"]
[BlackClock "0:00:23"]

1. d4 Nf6 2. c4 a6 3. Nc3 c5 4. dxc5 e6 5. b4 a5 6. b5 Bxc5 7. Nf3 O-O 8. e3 d5 9. cxd5 Bb4 10. Bd2 Nxd5 11. Nxd5 Qxd5 12. Bxb4 Qxd1+ 13. Rxd1 axb4 14. Bc4 Nd7 15. Ke2 Nb6 16. Bb3 Na4 17. Rd4 Nc3+ 18. Kd3 Nxb5 19. Rxb4 Rd8+ 20. Ke4 Bd7 21. Ne5 Be8 22. Rc1 Kf8 23. g4 f6 24. Nc4 Bc6+ 25. Kf4 e5+ 26. Kg3 Nd6 27. Nxd6 Rxd6 28. h4 Ke7 29. g5 Rf8 30. Ba4 fxg5 31. Bxc6 gxh4+ 32. Rxh4 Rg6+ 33. Rg4 Rxg4+ 34. Kxg4 bxc6 35. f3 Kd6 36. Rd1+ Kc7 37. Rc1 Ra8 38. Rc2 Ra3 39. Re2 Kd6 40. Kf5 Rd3 41. a4 Ra3 42. Rd2+ Ke7 43. Re2 Rxa4 44. Kxe5 Ra5+ 45. Kd4 Kd6 46. Ke4 g6 47. Rd2+ Ke6 48. Kf4 h5 49. Rc2 g5+ 50. Kg3 c5 51. f4 gxf4+ 52. exf4 Kf5 53. Rc4 Rb5 54. Kh4 Kg6 55. Rc1 Kf5 56. Rc4 Kg6 57. Rc1 Kf5 58. Rc4 1/2-1/2


[Site "https://www.chess.com"]

[Event "Titled Tuesday Blitz May 10 Late 2022"]
[White "Paravyan, David"]
[Black "Jobava, Baadur"]
[WhiteFideId "4194985"]
[BlackFideId "13601520"]
[WhiteElo "2569"]
[BlackElo "2617"]
[Result "0-1"]
[Round "08"]
[TimeControl "180+1"]
[Date "2022.05.10"]
[WhiteClock "0:00:02"]
[BlackClock "0:00:21"]

1. e4 c6 2. d4 d5 3. e5 Bf5 4. Nf3 e6 5. Be2 h6 6. O-O Ne7 7. Nbd2 Bh7 8. a4 Ng6 9. Nb3 Be7 10. a5 O-O 11. Bd2 Na6 12. Qe1 Rb8 13. Bd3 Re8 14. Kh1 Nf8 15. Bxh7+ Nxh7 16. Ng1 c5 17. f4 Nf8 18. Be3 Rc8 19. Nf3 c4 20. Nc1 Bb4 21. Bd2 Bxd2 22. Qxd2 Nb8 23. Ne2 Nc6 24. Ra3 b5 25. axb6 Qxb6 26. c3 Rb8 27. Ra2 Rb7 28. Ng3 Qb3 29. Rfa1 Reb8 30. f5 exf5 31. Nxf5 Ne6 32. h3 a5 33. Kh2 Qb6 34. Qf2 Qd8 35. Qg3 Kh7 36. Nd6 Rxb2 37. Qg4 Qe7 38. Qf5+ Kg8 39. Qg4 Rxa2 40. Rxa2 Kh7 41. Qf5+ g6 42. Qg4 h5 43. Qg3 Rb3 44. Rf2 Ncd8 45. Nd2 Rb2 46. N2e4 Rxf2 47. Nxf2 Qg5 48. Qxg5 Nxg5 49. Nb5 Nde6 50. Kg3 Kg7 51. h4 Nh7 52. Kf3 g5 53. g3 gxh4 54. gxh4 Nhf8 55. Nd1 Ng6 56. Ne3 Ne7 57. Ng2 a4 58. Ne3 f6 59. exf6+ Kxf6 60. Kg3 Nf5+ 61. Kf3 Nxh4+ 62. Kf2 Nf4 63. Kg3 Nhg6 64. Nc7 Ne2+ 65. Kf3 Nxc3 66. Nexd5+ Nxd5 67. Nxd5+ Kg5 0-1


[Site "https://www.chess.com"]